 Dungeon Crawl Stone Soup version 0.29-a0-375-g5102b3be25 (webtiles) character file.

Game seed: 14525247226063625176

7844 bastard the Unseen (level 11, -1/90 HPs)
             Began as a Kobold Berserker on May 3, 2022.
             Was a High Priest of Trog.
             Slain by a warg (5 damage)
             ... on level 9 of the Dungeon.
             The game lasted 00:14:00 (11139 turns).

bastard the Unseen (Kobold Berserker)              Turns: 11139, Time: 00:14:02

Health: -1/90      AC: 17    Str: 15    XL:     11   Next: 44%
Magic:  11/11      EV: 15    Int:  9    God:    Trog [*****.]
Gold:   485        SH:  0    Dex: 18    Spells: 10/10 levels left

rFire   . . .      SeeInvis .   b - +7 Singing Sword {vorpal, sonic wave}
rCold   . . .      Faith    .   (shield currently unavailable)
rNeg    . . .      Spirit   .   A - +0 acid dragon scales
rPois   +          Reflect  .   e - +2 helmet
rElec   .          Harm     .   j - +1 cloak
rCorr   +          Rampage  .   z - +0 pair of gloves
Will    .....                   y - +0 pair of boots
Stlth   ..........              (no amulet)
HPRegen 0.25/turn               H - +4 ring of protection
MPRegen 0.12/turn               s - ring of poison resistance

@: berserking, very quick
A: small, no large weapons, nightstalker 3
a: Renounce Religion, Berserk, Trog's Hand, Brothers in Arms


You were on level 9 of the Dungeon.
You worshipped Trog.
Trog was extremely pleased with you.
You visited 1 branch of the dungeon, and saw 9 of its levels.
You also visited: Sewer.

You collected 575 gold pieces.
You spent 90 gold pieces at shops.

Inventory:

Hand Weapons
 a - a +1 short sword of flaming
 b - the +7 Singing Sword (weapon) {vorpal, sonic wave}
   (You found it on level 7 of the Dungeon)

   It inflicts extra damage upon your enemies.
   It radiates damaging sonic waves as it strikes, especially in combat
   involving dangerous or numerous foes.
 q - a +0 dagger of venom
Missiles
 r - a throwing net (quivered)
Armour
 e - a +2 helmet (worn)
 h - a +0 buckler of cold resistance
 j - a +1 cloak (worn)
 y - a +0 pair of boots (worn)
 z - a +0 pair of gloves (worn)
 A - +0 acid dragon scales (worn)
 C - a +2 leather armour of fire resistance
Jewellery
 n - a ring of magical power
 s - a ring of poison resistance (right hand)
 H - a +4 ring of protection (left hand)
Wands
 K - a wand of acid (13)
Scrolls
 k - 2 scrolls of fog
 l - 3 scrolls of immolation
 t - 4 scrolls of teleportation
 x - 2 scrolls of fear
 D - a scroll of enchant armour
 E - a scroll of magic mapping {unknown}
 G - a scroll of silence {unknown}
 I - a scroll of enchant weapon
 J - a scroll of identify
Potions
 c - 5 potions of flight
 d - 3 potions of attraction
 f - 2 potions of heal wounds {unknown}
 g - 2 potions of berserk rage
 i - 3 potions of lignification
 m - 2 potions of ambrosia
 o - a potion of cancellation {unknown}
 p - 6 potions of curing
 u - 3 potions of invisibility {unknown}
 v - 2 potions of mutation {unknown}
 w - a potion of resistance {unknown}
 B - 3 potions of brilliance {unknown}
 F - 3 potions of haste {unknown}


   Skills:
 - Level 3.2 Fighting
 - Level 12.0(12.7) Short Blades
 + Level 4.2(6.5) Long Blades
 - Level 1.5 Armour
 + Level 3.3 Dodging
 + Level 18.5 Stealth


You had 10 spell levels left.
You didn't know any spells.
Your spell library was empty.

Dungeon Overview and Level Annotations

Branches:
Dungeon (9/15)             Temple (0/1) D:6            Lair (0/6) D:9
  Sewer (visited)
    Orc: D:9-12

Altars:
Ashenzari
Fedhas
Makhleb
Nemelex Xobeh
Okawaru
Trog
Vehumet
Wu Jian
Xom
Yredelemnul
Zin
The Shining One

Annotations:
D:7 2 runed translucent doors


Innate Abilities, Weirdness & Mutations

You are small and have problems with some larger weapons.
You are completely attuned to the shadows.


Message History

You slash the warg!
The warg is severely wounded.
The warg closely misses you. The gnoll sergeant misses you.
The gnoll hits you but does no damage.
You barely miss the warg.
The warg is severely wounded.
The warg barely misses you. The gnoll barely misses you.
A gnoll comes into view. It is wielding a +0 halberd.
The gnoll sergeant hits you from afar with a +3 trident.
The orc warrior barely misses you. The warg bites you but does no damage.
You barely miss the warg.
The warg is severely wounded.
The orc wizard hits you with a +0 dagger.
The gnoll barely misses you.
The gnoll sergeant hits you from afar with a +3 trident!
The orc warrior hits you with a +0 flail!
* * * LOW HITPOINT WARNING * * *
The warg misses you.
A red film seems to cover your vision as you go berserk!
You feel yourself moving faster!
You feel mighty! The warg bites you.
* * * LOW HITPOINT WARNING * * *
The orc wizard gestures at you while chanting.
The puff of flame hits you but does no damage.
The gnoll barely misses you.
The gnoll sergeant hits you from afar with a +3 trident.
* * * LOW HITPOINT WARNING * * *
The orc warrior hits you with a +0 flail!
* * * LOW HITPOINT WARNING * * *
The warg bites you.
* * * LOW HITPOINT WARNING * * *
Unknown command.
You are too berserk!
You slash the orc warrior!
The orc warrior is severely wounded.
The gnoll misses you. The gnoll hits you but does no damage.
The gnoll sergeant closely misses you.
The orc wizard points at you and mumbles some strange words.
The puff of flame hits you but does no damage.
The orc warrior misses you. The warg bites you.
You die...

.## ...###
..g..##
...)g.##
)..h@..#####
>..oo.......
).g.........
......#.....
.....##...##
..## #...#
#...#
#####...##
..........


You could see a warg, an orc warrior, a gnoll sergeant, an orc wizard and 2
gnolls.

Vanquished Creatures
  2 two-headed ogres
  Pikel (D:7)
  A manticore (D:7)
  A gargoyle (D:8)
  Sigmund (D:3)
  A wyvern (D:9)
  A yak (D:8)
  A steam dragon (D:8)
  Edmund (D:6)
  A warg (D:9)
  An acid dragon (D:7)
  7 water moccasins
  2 ice beasts (D:7)
  7 orc warriors
  2 sky beasts
  2 centaurs
  2 ogres
  A lemure (D:7)
  A phantom (D:4)
  A bullfrog (D:8)
  3 kobold brigands
  2 necrophages (D:4)
  2 scorpions
  4 wights
  7 howler monkeys
  A bullfrog zombie (D:4)
  4 hounds
  5 orc priests
  Crazy Yiuf (D:3)
  2 jellies (D:6)
  A gnoll shaman (D:8)
  7 iguanas
  A scorpion zombie (D:4)
  16 orc wizards
  Natasha (thrice) (D:2)
  Robin (D:1)
  12 gnolls
  A river rat (Sewer)
  6 adders
  2 shadow imps
  2 white imps
  A worm (D:2)
  4 dart slugs
  35 orcs
  5 endoplasms
  5 giant cockroaches
  25 goblins
  14 hobgoblins
  13 jackals
  12 kobolds
  7 quokkas
  9 ball pythons
  5 bats
  3 frilled lizards (D:1)
  A goblin zombie (D:7)
  A quokka zombie (D:7)
  12 rats
272 creatures vanquished.

Vanquished Creatures (others)
  A bush (D:4)
  13 plants (D:4)
14 creatures vanquished.

Grand Total: 286 creatures vanquished

Notes
Turn   | Place    | Note
-------+----------+-------------------------------------------
     0 | D:1      | bastard the Kobold Berserker began the quest for the Orb.
     0 | D:1      | Reached XP level 1. HP: 14/14 MP: 1/1
   386 | D:1      | Reached XP level 2. HP: 15/19 MP: 2/2
   635 | D:1      | Reached skill level 5 in Short Blades
   803 | D:1      | Reached XP level 3. HP: 23/23 MP: 3/3
  1426 | D:2      | Noticed Robin
  1442 | D:1      | Reached ** piety under Trog
  1807 | D:1      | Killed Robin
  1808 | D:1      | Reached XP level 4. HP: 16/28 MP: 4/4
  2088 | D:2      | Found a faded altar of an unknown god.
  2120 | D:2      | Noticed Natasha
  2124 | D:2      | Killed Natasha
  2140 | D:2      | Reached XP level 5. HP: 31/32 MP: 5/5
  2149 | D:2      | Noticed Natasha
  2169 | D:2      | Killed Natasha
  2712 | D:2      | Noticed Natasha
  2724 | D:2      | Killed Natasha
  2791 | D:2      | Reached *** piety under Trog
  2953 | D:3      | Found a runed translucent door.
  2956 | D:3      | Noticed Crazy Yiuf
  3010 | D:3      | Killed Crazy Yiuf
  3011 | D:3      | Reached XP level 6. HP: 37/37 MP: 6/6
  3317 | D:3      | Noticed Sigmund
  3345 | D:3      | Killed Sigmund
  3346 | D:3      | Reached XP level 7. HP: 37/41 MP: 7/7
  4087 | D:3      | Reached skill level 10 in Short Blades
  4784 | D:4      | Found a blossoming altar of Fedhas.
  4820 | D:4      | Found a radiant altar of Vehumet.
  5060 | D:4      | Found a broken altar of Ashenzari.
  5104 | D:4      | Found Zin's Purification Station.
  5106 | D:4      | Found a glowing silver altar of Zin.
  5109 | D:4      | Bought a potion of curing for 90 gold pieces
  5186 | D:4      | Reached skill level 1 in Stealth
  5191 | D:4      | Reached **** piety under Trog
  5195 | D:4      | Reached XP level 8. HP: 43/46 MP: 8/8
  5460 | D:4      | Reached skill level 2 in Stealth
  5568 | D:4      | Reached skill level 4 in Stealth
  5597 | D:4      | Found a shimmering altar of Xom.
  5664 | D:5      | Entered Level 5 of the Dungeon
  5673 | D:5      | Found a bloodstained altar of Trog.
  5983 | D:5      | Reached skill level 5 in Stealth
  5989 | D:5      | Found an iron altar of Okawaru.
  6325 | D:5      | Reached skill level 6 in Stealth
  6458 | D:5      | Found a glowing golden altar of the Shining One.
  6461 | D:5      | Noticed an angel
  6472 | D:5      | Found a basalt altar of Yredelemnul.
  6475 | D:5      | Noticed a profane servitor
  6734 | D:6      | Noticed Edmund
  6759 | D:6      | Killed Edmund
  6760 | D:6      | Reached skill level 7 in Stealth
  6777 | D:6      | Reached skill level 8 in Stealth
  6777 | D:6      | Reached XP level 9. HP: 30/51 MP: 9/9
  6974 | D:6      | Found a staircase to the Ecumenical Temple.
  7137 | D:6      | Reached skill level 9 in Stealth
  7272 | D:6      | Reached skill level 10 in Stealth
  7415 | D:6      | Found a glowing drain.
  7440 | Sewer    | Entered a sewer
  7631 | Sewer    | Found a white marble altar of Elyvilon.
  8054 | D:7      | Reached skill level 11 in Stealth
  8394 | D:7      | Reached skill level 12 in Stealth
  8652 | D:7      | Found a sparkling altar of Nemelex Xobeh.
  8658 | D:7      | Found a burning altar of Makhleb.
  9143 | D:7      | Found a large runed translucent door.
  9145 | D:7      | Found a large runed translucent door.
  9263 | D:7      | Found a large runed translucent door.
  9263 | D:7      | Found a large runed translucent door.
  9272 | D:7      | Reached skill level 13 in Stealth
  9284 | D:7      | Reached XP level 10. HP: 56/56 MP: 10/10
  9457 | D:7      | Noticed Pikel
  9505 | D:7      | Killed Pikel
  9506 | D:7      | Reached skill level 14 in Stealth
  9567 | D:7      | Noticed a two-headed ogre
  9573 | D:7      | Killed a two-headed ogre
  9574 | D:7      | Reached skill level 15 in Stealth
  9694 | D:7      | Reached skill level 16 in Stealth
  9701 | D:7      | Noticed a manticore
  9701 | D:7      | Found the +7 Singing Sword {vorpal, sonic wave}
  9705 | D:7      | Killed a manticore
  9770 | D:7      | Found an ornate altar of the Wu Jian Council.
  9836 | D:8      | Reached skill level 17 in Stealth
  9868 | D:8      | Reached ***** piety under Trog
 10065 | D:8      | Noticed a gargoyle
 10075 | D:8      | Killed a gargoyle
 10076 | D:8      | Reached XP level 11. HP: 54/60 MP: 11/11
 10077 | D:8      | Reached skill level 18 in Stealth
 10116 | D:8      | Noticed a two-headed ogre
 10267 | D:8      | Killed a two-headed ogre
 11128 | D:9      | Found a staircase to the Lair.
 11138 | D:9      | HP: 4/90 [warg (3)]
 11139 | D:9      | Slain by a warg

Illustrated notes

Levels and vault maps discovered:
D:1:      matt_arrival_los_fun, layout_loops_cross
D:2:      layout_loops_cross, hellmonk_ecumenical_altar_blasted,
          minmay_hexomino_f4, uniq_robin, uniq_natasha
D:3:      layout_basic, uniq_crazy_yiuf_cottage, uniq_sigmund, uniq_jessica
D:4:      layout_cave_pools, fedhas_altar_decomposition, lemuel_doored_altar,
          zin_purify, kennysheep_mini, tgw_xom
D:5:      layout_loops_corners, grunt_temple_overflow_holy_war,
          mainiacjoe_overflow_small_starburst, trog_hazing_becter
D:6:      layout_rooms, minmay_temple_entry_nine_rooms, portal_sewer_entry_f,
          uniq_edmund
D:7:      layout_loops_corners, nicolae_wu_jian_immortal_techniques,
          amethyst_overflow_temple_binary, enter_ossuary_4,
          minmay_hollow_rounded_squares, uniq_pikel
D:8:      minmay_bloctagon, layout_basic, interstate_on_off
D:9:      layout_long_grid, elyvilon_altar_4, erik_lair_orcish_takeover,
          nicolae_rejected_hall

Skill      XL: |  1  2  3  4  5  6  7  8  9 10 11 |
---------------+----------------------------------+-----
Short Blades   | 5 6 7 8 9 11 12 | 12.0
Stealth        | 1 8 13 17 18 | 18.5
Long Blades    | 2 4 |  4.2
Dodging        | 3 |  3.3
Fighting       | |  3.2
Armour         | |  1.5

Action                   |  1- 3 |  4- 6 |  7- 9 | 10-12 || total
-------------------------+-------+-------+-------+-------++-------
Melee: Short sword       |   133 |    87 |   502 |    58 ||   780
       Punch             |     1 |       |     8 |     1 ||    10
       Dagger            |       |    31 |       |       ||    31
       Double sword      |       |       |       |    96 ||    96
Throw: Throwing net      |       |       |       |     1 ||     1
Invok: Berserk           |       |     2 |     6 |     4 ||    12
       Trog's Hand       |       |     1 |       |       ||     1
  Use: Potion            |     1 |     3 |     1 |       ||     5
       Scroll            |       |    10 |     6 |       ||    16
 Stab: Sleeping          |     5 |    13 |    26 |    15 ||    59
       Distracted        |       |       |     3 |       ||     3
       Held in net/web   |       |       |       |     1 ||     1
Armor: Animal skin       |    43 |    22 |   104 |       ||   169
       Acid dragon scale |       |       |       |    64 ||    64
Dodge: Dodged            |   127 |    66 |   222 |   104 ||   519

Table legend: (Time is in decaauts)
 A = Elapsed time spent in this place.
 B = Non-inter-level travel time spent in this place.
 C = Inter-level travel time spent in this place.
 D = Time resting spent in this place.
 E = Time spent auto-exploring this place.
 F = Levels seen in this place.
 G = Mean time per level.
                   A        B        C        D        E       F      G
               +--------+--------+--------+--------+--------+-----+--------+
         Total |  11012 |  10669 |    343 |      0 |   8889 |  10 | 1101.2 |
       Dungeon |  10760 |  10417 |    343 |      0 |   8683 |   9 | 1195.6 |
         Sewer |    251 |    251 |      0 |      0 |    206 |   1 |  251.0 |
               +--------+--------+--------+--------+--------+-----+--------+

Top non-repeatable levels by time:
     D:1: 1931 daAuts
     D:7: 1808 daAuts
     D:3: 1412 daAuts
     D:4: 1311 daAuts
     D:8: 1240 daAuts
     D:6: 1016 daAuts
     D:5: 1008 daAuts
     D:2: 939 daAuts
   Sewer: 251 daAuts
     D:9: 90 daAuts
